 Dungeon Crawl Stone Soup version 0.31-a0-925-g0a390f2509 (webtiles) character file.

Game seed: 12071378312335942357

70 Fodor the Trooper (level 4, -3/38 (40) HPs)
             Began as a Minotaur Fighter on Oct 19, 2023.
             Slain by a goblin
             ... wielding a +0 club
             ... led by Robin
              (5 damage)
             ... on level 3 of the Dungeon.
             The game lasted 00:10:34 (2318 turns).

Fodor the Trooper (Minotaur Fighter)                Turns: 2318, Time: 00:10:34

HP:   -3/38 (40)    AC: 11    Str: 22    XL:     4   Next: 3%
MP:   3/3           EV:  8    Int:  5    God:
Gold: 69            SH:  4    Dex: 10    Spells: 3/3 levels left

rFire   . . .        a - +0 long sword
rCold   . . .        c - +0 buckler
rNeg    . . .        m - +0 chain mail
rPois   .            (helmet restricted)
rElec   .            (no cloak)
rCorr   .            (no gloves)
SInv    .            p - +1 pair of boots
Will    .....        (no amulet) Stlth
                     (no ring)
HPRegen 0.26/turn    (no ring)
MPRegen 0.08/turn

%: no passive effects
@: drained
A: horns 2, retaliatory headbutt
a: no special abilities


You were on level 3 of the Dungeon.
You visited 1 branch of the dungeon, and saw 3 of its levels.

You collected 69 gold pieces.

Inventory:

Hand Weapons
 a - a +0 long sword (weapon)
Armour
 c - a +0 buckler (worn)
 m - a +0 chain mail (worn)
 p - a +1 pair of boots (worn)
Jewellery
 i - a ring of wizardry
 q - a ring of flight
Scrolls
 b - a scroll of fog {unknown}
 e - 3 scrolls of identify {unknown}
 l - a scroll of enchant weapon {unknown}
 n - a scroll of fear {unknown}
Potions
 d - 2 potions of might
 f - a potion of heal wounds {unknown}
 g - 2 potions of curing {unknown}
 h - 3 potions of attraction {unknown}
 j - 2 potions of haste {unknown}
 k - 3 potions of lignification {unknown}
 o - a potion of magic {unknown}


   Skills:
 + Level 4.2 Fighting
 + Level 3.4 Long Blades
 + Level 4.1 Armour
 + Level 0.9 Dodging
 + Level 0.1 Stealth
 + Level 4.2 Shields


You had 3 spell levels left.
You didn't know any spells.
Your spell library contained the following spells:

 Spells                   Type           Power      Damage    Failure   Level
 Sting                    Tmut/Pois      0%         1d3       99%         1
 Poisonous Vapours        Pois/Air       0%         N/A       99%         2
 Olgreb's Toxic Radiance  Pois           0%         N/A       100%        4


Dungeon Overview and Level Annotations

Branches:
Dungeon (3/15)

Altars:
Trog

Shops:
D:2 =

Annotations:
D:3 Robin


Innate Abilities, Weirdness & Mutations

You have a pair of horns on your head.
You reflexively headbutt those who attack you in melee.


Message History

The hobgoblin barely misses you.
The goblin hits you but does no damage. x2
The goblin closely misses you. You furiously retaliate!
You headbutt the goblin.
The goblin hits you but does no damage. x2
The hobgoblin closely misses you.
You hit Robin.
Robin is lightly wounded.
The hobgoblin no longer looks unusually strong.
You block the goblin's attack. The goblin barely misses you.
You block the goblin's attack. The goblin hits you but does no damage.
The goblin barely misses you. The hobgoblin completely misses you.
You hit Robin. Your headbutt misses Robin.
Robin is moderately wounded.
Robin hits you with a +6 club. The goblin hits you but does no damage.
The goblin barely misses you. The goblin hits you with a +0 club.
The goblin hits you but does no damage. The goblin closely misses you.
The hobgoblin barely misses you. You furiously retaliate!
You headbutt the hobgoblin, but do no damage.
You barely miss Robin.
Robin is moderately wounded.
The goblin no longer looks unusually strong. x2
Robin roars a battlecry!
The goblins go into a battle-frenzy!
You block the goblin's attack.
The goblin hits you but does no damage. x2
The goblin hits you with a +0 club.
* * * LOW HITPOINT WARNING * * *
The goblin hits you but does no damage. The hobgoblin barely misses you.
Robin hits you with a +6 club.
* * * LOW HITPOINT WARNING * * *
You block the goblin's attack.
You barely miss Robin. Your headbutt misses Robin.
Robin is moderately wounded.
The goblin hits you but does no damage. x3; You block the goblin's attack.
The hobgoblin hits you.
* * * LOW HITPOINT WARNING * * *
Robin hits you with a +6 club.
* * * LOW HITPOINT WARNING * * *
The goblin barely misses you. The goblin hits you with a +0 club.
* * * LOW HITPOINT WARNING * * *
The goblin hits you but does no damage. The goblin hits you with a +0 club.
You die...

#....## #.....#
#.....#
###.....# .
#.......# ...
#.).....#
....##)......#
......)ggg...##
.......)@g...#
.......ggg...#
....#.........#
....+.........#
... #.........#
.. ...........#
##....#.....#
...........#


You could see Robin, a hobgoblin (strong) and 5 goblins.

Vanquished Creatures
  An adder (D:2)
  A worm (D:2)
  A dart slug (D:1)
  6 endoplasms
  3 giant cockroaches
  8 goblins
  4 hobgoblins
  8 kobolds
  A quokka (D:1)
  4 ball pythons
  7 bats (D:1)
  2 frilled lizards
  4 rats
50 creatures vanquished.

Notes
Turn   | Place    | Note
-------+----------+-------------------------------------------
     0 | D:1      | Fodor the Minotaur Fighter began the quest for the Orb.
     0 | D:1      | Reached XP level 1. HP: 19/19 MP: 0/0
   403 | D:1      | Reached XP level 2. HP: 27/27 MP: 1/1
   634 | D:1      | Reached XP level 3. HP: 33/33 MP: 2/2
   918 | D:2      | Found a bloodstained altar of Trog.
  1521 | D:2      | Found Qadogh's Jewellery Shop.
  2300 | D:3      | Noticed Robin
  2313 | D:3      | Reached XP level 4. HP: 21/38 MP: 3/3
  2318 | D:3      | Slain by a goblin

Illustrated notes

Levels and vault maps discovered:
D:1:      eino_arrival_druids_welcome, layout_loops_ring, minmay_pentomino_o4
D:2:      layout_basic, basic_altar, serial_shops, nicolae_shop_tiny_waterfront,
          grunt_decor_arrowhead, patterned_corridor
D:3:      layout_basic, nicolae_overflow_two_pavilions, roderic_serpentine_path,
          uniq_sigmund, uniq_grinder, uniq_robin

Skill      XL: |  1  2  3 |
---------------+----------+-----
Fighting       | 4 |  4.2
Shields        | 4 |  4.2
Long Blades    | 3 |  3.4
Armour         | 4 |  4.1
Dodging        | |  0.9
Stealth        | |  0.1

Action                     |  1- 3 |  4- 6 || total
---------------------------+-------+-------++-------
  Melee: Long sword        |    97 |     6 ||   103
         Headbutt          |    12 |       ||    12
 Armour: Scale mail        |    25 |       ||    25
         Chain mail        |    53 |    29 ||    82
  Dodge: Dodged            |    45 |    13 ||    58
  Block: Buckler           |    33 |     7 ||    40

Table legend: (Time is in decaauts)
 A = Elapsed time spent in this place.
 B = Non-inter-level travel time spent in this place.
 C = Inter-level travel time spent in this place.
 D = Time resting spent in this place.
 E = Time spent auto-exploring this place.
 F = Levels seen in this place.
 G = Mean time per level.
                   A        B        C        D        E       F      G
               +--------+--------+--------+--------+--------+-----+--------+
         Total |   2346 |   2289 |     57 |    431 |      0 |   3 |  782.0 |
       Dungeon |   2346 |   2289 |     57 |    431 |      0 |   3 |  782.0 |
               +--------+--------+--------+--------+--------+-----+--------+

Top non-repeatable levels by time:
     D:2: 1607 daAuts
     D:1: 709 daAuts
     D:3: 29 daAuts
